 Dungeon Crawl Stone Soup version 0.24-a0-416-g56ce5178b7 (webtiles) character file.

Game seed: 3101442857701666512

71453 Gumption the Thaumaturge (level 14, -6/124 HPs)
             Began as a Purple Draconian Fire Elementalist on June 8, 2019.
             Was a High Priest of Vehumet.
             Mangled by a redback (11 damage)
             ... on level 4 of the Lair of Beasts on June 10, 2019.
             The game lasted 07:03:06 (35490 turns).

Gumption the Thaumaturge (DrFE)                    Turns: 35490, Time: 07:03:07

Health: -6/124     AC: 18    Str: 11    XL:     14   Next: 97%
Magic:  24/39      EV: 32    Int: 20    God:    Vehumet [*****.]
Gold:   1267       SH:  6    Dex: 12    Spells: 0/37 levels left

rFire    + . .     SeeInvis .   a - +2 mace (protect)
rCold    + . .     Gourm    .   d - +1 buckler
rNeg     . . .     Faith    .   (armour unavailable)
rPois    .         Spirit   .   y - +2 hat
rElec    .         Reflect  .   O - +2 cloak of the Flute {+Fly rC+}
rCorr    .         Harm     .   x - +2 pair of gloves of Protective Custody {rF+}
MR       +++..                  S - +1 pair of boots
Stlth    ++........             N - amulet of the acrobat
HPRegen  0.30/turn              f - ring of magical power
MPRegen  0.26/turn              Z - ring of protection from magic

@: lethally poisoned (-6 -> -144), about to teleport, acrobat
A: breathe power, unfitting armour, cold-blooded, AC +8
a: Breathe Dispelling Energy, Renounce Religion, Evoke Flight


You were on level 4 of the Lair of Beasts.
You worshipped Vehumet.
Vehumet was extremely pleased with you.
You were not hungry.

You visited 4 branches of the dungeon, and saw 23 of its levels.

You collected 1987 gold pieces.
You spent 720 gold pieces at shops.

Inventory:

Hand Weapons
 a - a +2 mace of protection (weapon)
 K - a +2 short sword of electrocution
 Q - a +2 war axe of electrocution
Missiles
 r - 22 boomerangs (quivered)
 I - 2 throwing nets
Armour
 d - a +1 buckler (worn)
 x - the +2 pair of gloves of Protective Custody (worn) {rF+}
   (You found it on level 6 of the Dungeon)

   It protects you from fire.
 y - a +2 hat (worn)
 H - a scarf of cloud immunity
 O - the +2 cloak of the Flute (worn) {+Fly rC+}
   (You found it on level 9 of the Dungeon)

   It protects you from cold.
   It lets you fly.
 S - a +1 pair of boots (worn)
Magical Staves
 w - an uncursed staff of air
Jewellery
 c - an uncursed ring of resist corrosion
 f - a ring of magical power (left hand)
 p - an uncursed ring of protection from cold
 N - an amulet of the acrobat (around neck)
 V - an uncursed ring of flight
 Z - a ring of protection from magic (right hand)
Wands
 n - a wand of iceblast (8)
 A - a wand of clouds (1)
 C - a wand of digging (7)
 L - a wand of polymorph (13)
 P - a wand of paralysis (11)
 T - a wand of acid (21)
 Y - a wand of disintegration (7)
Scrolls
 b - 3 scrolls of identify
 i - 3 scrolls of immolation
 m - 9 scrolls of teleportation
 u - 3 scrolls of fear
 v - a scroll of magic mapping
 z - 2 scrolls of fog
 J - 2 scrolls of blinking
 M - 8 scrolls of remove curse
Potions
 g - 4 potions of flight
 h - 4 potions of brilliance
 j - 2 potions of resistance
 k - a potion of cancellation
 l - 6 potions of lignification
 o - 3 potions of haste
 q - 11 potions of curing
 s - 5 potions of heal wounds
 t - 3 potions of mutation
 D - 2 potions of berserk rage
 E - a potion of ambrosia
 F - 6 potions of agility
 G - 3 potions of might
 U - 3 potions of invisibility
 W - a potion of magic
Miscellaneous
 B - a lightning rod (4/4)
Comestibles
 e - 26 rations


   Skills:
 + Level 11.4 Fighting
 - Level 10.0 Dodging
 - Level 1.7 Stealth
 - Level 4.0 Shields
 + Level 12.3 Spellcasting
 + Level 9.3 Conjurations
 + Level 5.6 Hexes
 - Level 5.0 Charms
 + Level 5.5 Summonings
 - Level 5.0 Necromancy
 - Level 5.0 Translocations
 + Level 10.2 Fire Magic
 - Level 8.0 Air Magic


You couldn't memorise any spells.
You knew the following spells:

 Your Spells              Type           Power        Failure   Level  Hunger
a - Shock                 Conj/Air       ####         1%          1    None
b - Apportation           Tloc           ####..       1%          1    None
c - Conjure Flame         Conj/Fire      ######..     1%          3    None
d - Airstrike             Air            #####.....   1%          4    #......
e - Bolt of Fire          Conj/Fire      ######....   4%          6    ######.
f - Summon Lightning Spi  Summ/Air       #####...     3%          4    #......
h - Regeneration          Chrm/Necr      ####......   1%          3    None
i - Summon Butterflies    Summ           ####....     1%          1    None
j - Summon Mana Viper     Hex/Summ       ####....     16%         5    ####...
s - Sticky Flame          Conj/Fire      ######..     1%          4    #......
z - Fireball              Conj/Fire      ######....   1%          5    ####...

Your spell library contained the following spells:

 Spells                   Type           Power        Failure   Level  Hunger
 Animate Skeleton         Necr           N/A          1%          1    None
 Confusing Touch          Hex            #####.       1%          1    None
 Corona                   Hex            #####..      1%          1    None
 Flame Tongue             Conj/Fire      #####        1%          1    None
 Pain                     Necr           ####         1%          1    None
 Sting                    Conj/Pois      ####         1%          1    None
 Summon Small Mammal      Summ           ####         1%          1    None
 Call Imp                 Summ           ####....     1%          2    None
 Poisonous Vapours        Pois/Air       ####..       1%          2    None
 Slow                     Hex            #####...     1%          2    None
 Song of Slaying          Chrm           ####....     1%          2    None
 Swiftness                Chrm/Air       #####...     1%          2    None
 Throw Flame              Conj/Fire      ######       1%          2    None
 Call Canine Familiar     Summ           ####....     1%          3    None
 Inner Flame              Hex/Fire       #####...     1%          3    None
 Mephitic Cloud           Conj/Pois/Air  #####...     1%          3    None
 Portal Projectile        Hex/Tloc       ####..       1%          3    None
 Recall                   Summ/Tloc      N/A          1%          3    None
 Static Discharge         Conj/Air       #####...     1%          3    None
 Summon Guardian Golem    Hex/Summ       ####....     1%          3    None
 Vampiric Draining        Necr           ####......   1%          3    None
 Lightning Bolt           Conj/Air       #####.....   1%          5    ####...
 Cause Fear               Hex            #####.....   5%          4    #......
 Venom Bolt               Conj/Pois      ####......   6%          5    ####...
 Animate Dead             Necr           N/A          7%          4    #......
 Olgreb's Toxic Radiance  Pois           ##......     16%         4    #......
 Aura of Abjuration       Summ           ####......   16%         5    ####...
 Summon Demon             Summ           ####......   16%         5    ####...
 Leda's Liquefaction      Hex/Erth       ###.......   17%         4    #......
 Summon Ice Beast         Ice/Summ       ###.....     17%         4    #......
 Summon Forest            Summ/Tloc      ####......   17%         5    ####...
 Shadow Creatures         Summ           N/A          65%         6    ######.
 Summon Hydra             Summ           ####......   99%         7    #######


Dungeon Overview and Level Annotations

Branches:
Dungeon (15/15)            Temple (1/1) D:7            Lair (6/6) D:11
 Shoals (0/4) Lair:3       Spider (1/4) Lair:4        Slime (0/5) Lair:6
    Orc (0/2) D:10         Vaults (0/5) D:13         Depths (0/5) D:15

Altars:
Ashenzari
Cheibriados
Dithmenos
Elyvilon
Fedhas
Gozag
Hepliaklqana
Kikubaaqudgha
Makhleb
Nemelex Xobeh
Okawaru
Qazlal
Ru
Sif Muna
Trog
Uskayaw
Vehumet
Wu Jian
Xom
Yredelemnul
Zin
The Shining One

Shops:
D:5 :   D:12 }

Annotations:
D:4 exclusion: downstairs
Lair:2 3 runed translucent doors, exclusion: oklob plant, Bura's ghost, journeyman HuAr


Innate Abilities, Weirdness & Mutations

You can breathe bolts of dispelling energy.
Your rich purple scales are hard. (AC +8)
You cannot fit into any form of body armour.
You are cold-blooded and may be slowed by cold attacks.


Message History

* * * LOW HITPOINT WARNING * * *
You feel extremely sick.
The tarantella burns!
The redback burns!
You kill the redback!
Vehumet accepts your kill.
You feel your power returning. The jumping spider pounces on you!
* * * LOW HITPOINT WARNING * * *
The jumping spider closely misses you. The redback barely misses you.
The redback misses you. The redback bites you.
* * * LOW HITPOINT WARNING * * *
You block the tarantella's attack. The redback bites you!
* * * LOW HITPOINT WARNING * * *
You are more poisoned.
The redback poisons you!
The jumping spider completely misses you.
You block the jumping spider's attack. The redback closely misses you.
* * * LOW HITPOINT WARNING * * *
You feel extremely sick.
The tarantella burns!
The redback bites you!
You die...

..............................##
.............#.#...............#
........########..............##
.##......###..##..............##
###.....##.........^...####....#
##P......#P..^.........#####...##
.........##P.^^^..^^.^....#...#.#
#.#.....P##......^^^.^^....+...##
.#.....PP##...^^@ss^^.^...#....#
##.....P###.^..^^>s.....#.##..##
........####..^.s^s.^^.#......#
..........##.^.[...^^^........#
...............^.^..^^........#
.....##.####..(^^.^........####
######### #.......^....####
#.#..#.......# ###P#####..###


You could see a jumping spider, a tarantella (burning) and 3 redbacks.

Vanquished Creatures
  Louise (D:15)
  Azrael (D:15)
  Snorg (Lair:3)
  Fannar (Lair:3)
  4 hydras
  Harold (D:7)
  A catoblepas (D:14)
  5 centaur warriors
  An ogre mage (D:15)
  4 two-headed ogres
  3 death yaks
  Urug (Lair:3)
  A tengu warrior (D:15)
  4 skeletal warriors
  A fire crab (Lair:4)
  An unseen horror (D:15)
  A wizard (D:13)
  The ghost of Geomchi the Nimble, a novice DEFE of Vehumet (D:7)
  An iron dragon zombie (D:15)
  A necromancer (D:13)
  8 ugly things
  An oklob plant (Lair:6)
  A wolf spider (Lair:4)
  A manticore (D:12)
  2 deep elf magi
  A frost giant skeleton (D:15)
  5 black mambas
  A torpor snail (Lair:6)
  A merfolk siren (Lair:3)
  2 elephants (Lair:6)
  Maurice (D:8)
  5 spiny frogs
  2 rime drakes
  A gargoyle (D:15)
  An efreet (D:15)
  A harpy zombie (D:15)
  7 polar bears
  2 trolls (D:9)
  6 hornets
  Prince Ribbit (Lair:3)
  6 blink frogs
  8 slime creatures
  2 dream sheep
  A deep troll zombie (D:15)
  6 hippogriffs
  2 redbacks
  2 shadows
  12 spriggans (Lair:6)
  A tarantella (Spider:1)
  2 wraiths
  3 wyverns
  21 yaks
  10 humans (D:13)
  A basilisk (D:12)
  7 vampire mosquitoes
  3 fire elementals
  4 hungry ghosts
  3 wargs
  2 soldier ants (D:9)
  Edmund (D:5)
  5 water moccasins
  7 porcupines
  5 sky beasts
  An eye of draining (D:15)
  5 ice beasts
  A black bear (Lair:6)
  A phantom (D:8)
  4 necrophages
  8 ogres
  6 orc warriors
  3 boggarts (Lair:6)
  14 wolves
  16 centaurs
  5 crocodiles
  13 bullfrogs
  A water moccasin zombie (D:12)
  A water moccasin skeleton (D:9)
  9 scorpions
  5 wights (D:6)
  3 electric eels (Lair:2)
  4 howler monkeys
  5 crimson imps
  A centaur zombie (D:7)
  2 quasits
  4 bullfrog zombies
  2 centaur skeletons
  3 hounds
  4 jellies
  5 orc priests
  16 orc wizards
  An iguana (D:11)
  11 worker ants
  A killer bee zombie (D:9)
  A hound zombie (D:5)
  2 worker ant zombies
  Robin (D:3)
  3 gnolls
  7 adders
  6 shadow imps
  4 oozes
  2 adder zombies
  An adder skeleton (D:9)
  4 worms
  A dart slug (D:1)
  2 leopard geckos (D:2)
  57 orcs
  2 ball pythons (D:1)
  9 bats
  7 giant cockroaches
  17 goblins
  13 hobgoblins
  12 jackals
  8 quokkas
  7 frilled lizards
  8 kobolds
  A leopard gecko skeleton (D:5)
  7 rats
  A fungus (Lair:6)
537 creatures vanquished.

Vanquished Creatures (collateral kills)
  A vault guard (D:13)
  5 two-headed ogres
  2 skeletal warriors
  An orc knight (D:15)
  A phantasmal warrior (D:15)
  A wolf spider zombie (D:15)
  A necromancer (D:15)
  5 ugly things
  A wolf spider (Lair:4)
  An oklob plant (Lair:6)
  A cyclops (D:14)
  A deep elf mage (D:14)
  An elephant (Lair:6)
  A frost giant skeleton (D:15)
  A gargoyle (D:13)
  2 centaur skeletons
  A kobold demonologist (D:15)
  An efreet (D:15)
  2 komodo dragons
  A tengu conjurer (D:15)
  A guardian mummy (D:15)
  A hornet (Lair:6)
  3 polar bears
  3 trolls
  3 dream sheep (Lair:4)
  8 blink frogs
  3 slime creatures
  2 spriggans (Lair:6)
  A hippogriff (Lair:6)
  A yak (shapeshifter) (D:13)
  A wyvern (Lair:6)
  3 yaks
  A basilisk (D:14)
  10 humans (D:13)
  A wraith (D:13)
  A water moccasin (Lair:3)
  A black bear (Lair:6)
  2 orc warriors (D:13)
  An eye of draining (D:14)
  An ice beast (D:14)
  A boggart (Lair:6)
  7 centaurs
  12 wolves
  4 crocodiles
  2 bullfrogs
  2 orc wizards (D:12)
  2 orcs
109 creatures vanquished.

Vanquished Creatures (others)
  A jelly (D:15)
  5 fungi
  5 plants
  5 withered plants (D:15)
16 creatures vanquished.

Grand Total: 662 creatures vanquished

Notes
Turn   | Place    | Note
-------+----------+-------------------------------------------
     0 | D:1      | Gumption the Draconian Fire Elementalist began the quest
                  | for the Orb.
     0 | D:1      | Reached XP level 1. HP: 14/14 MP: 3/3
   472 | D:1      | Reached XP level 2. HP: 20/20 MP: 1/5
  1323 | D:1      | Reached XP level 3. HP: 24/26 MP: 6/6
  1328 | D:1      | Learned a level 3 spell: Conjure Flame
  2019 | D:2      | Reached XP level 4. HP: 28/33 MP: 2/7
  2127 | D:1      | Learned a level 4 spell: Sticky Flame
  3583 | D:2      | Found a snail-covered altar of Cheibriados.
  3952 | D:3      | Reached XP level 5. HP: 38/38 MP: 9/9
  4046 | D:3      | Noticed Robin
  4152 | D:3      | Reached skill level 1 in Shields
  4946 | D:3      | Killed Robin
  5324 | D:3      | Found a shimmering altar of Xom.
  5345 | D:3      | Found a shimmering altar of Xom.
  5345 | D:3      | Found a glowing golden altar of the Shining One.
  5353 | D:3      | Found an opulent altar of Gozag.
  5353 | D:3      | Found a sacrificial altar of Ru.
  5353 | D:3      | Found a sparkling altar of Nemelex Xobeh.
  5514 | D:4      | Reached skill level 3 in Spellcasting
  5514 | D:4      | Reached XP level 6. HP: 42/45 MP: 10/10
  6258 | D:5      | Entered Level 5 of the Dungeon
  6258 | D:5      | Noticed an ice beast
  6267 | D:4      | Reached skill level 5 in Fire Magic
  6380 | D:5      | Noticed Edmund
  6510 | D:5      | Your scales start taking on a rich purple colour.
  6510 | D:5      | Reached skill level 4 in Spellcasting
  6510 | D:5      | Reached XP level 7. HP: 50/50 MP: 13/13
  6981 | D:5      | Killed Edmund
  6981 | D:5      | Reached skill level 5 in Conjurations
  7071 | D:5      | Reached XP level 8. HP: 57/57 MP: 14/14
  7083 | D:5      | Learned a level 5 spell: Fireball
  7368 | D:5      | Found Anuufoun's Book Shop.
  7373 | D:5      | Bought a book of Cantrips for 240 gold pieces
  7375 | D:5      | Learned a level 1 spell: Apportation
  7377 | D:5      | Learned a level 1 spell: Confusing Touch
  7725 | D:6      | Got a pair of smoking gloves
  7733 | D:6      | Identified the +2 pair of gloves of Protective Custody
                  | {rF+} (You found it on level 6 of the Dungeon)
  8042 | D:6      | Reached skill level 1 in Fighting
  8042 | D:6      | Reached skill level 1 in Hexes
  8093 | D:6      | Reached skill level 5 in Spellcasting
  8896 | D:7      | Found a staircase to the Ecumenical Temple.
  8896 | D:7      | Found a runed translucent door.
  8896 | D:7      | Noticed Geomchi's ghost (novice DEFE)
  8904 | Temple   | Entered the Ecumenical Temple
  8957 | Temple   | Became a worshipper of Vehumet
  9044 | D:7      | Killed Geomchi's ghost
  9044 | D:7      | Reached XP level 9. HP: 21/68 MP: 17/17
  9398 | D:7      | Noticed Harold
  9429 | D:7      | Killed Harold
  9429 | D:7      | Reached skill level 6 in Spellcasting
  9938 | D:7      | Found a glowing silver altar of Zin.
  9938 | D:7      | Found an opulent altar of Gozag.
 10385 | D:8      | Noticed Maurice
 10675 | D:8      | Found a sacrificial altar of Ru.
 10806 | D:8      | Killed Maurice
 10981 | D:8      | Found a sacrificial altar of Ru.
 10992 | D:8      | Found a glowing golden altar of the Shining One.
 10995 | D:8      | Found a blossoming altar of Fedhas.
 10998 | D:8      | Found a sparkling altar of Nemelex Xobeh.
 11364 | D:9      | Reached XP level 10. HP: 79/79 MP: 19/19
 11797 | D:8      | Reached * piety under Vehumet
 11797 | D:8      | Offered knowledge of Shock by Vehumet.
 12869 | D:9      | Reached skill level 5 in Fighting
 12869 | D:9      | Reached skill level 7 in Spellcasting
 13001 | D:9      | Got a spiked cloak
 13013 | D:9      | Identified the +2 cloak of the Flute {+Fly rC+} (You found
                  | it on level 9 of the Dungeon)
 13016 | D:9      | Learned a level 1 spell: Shock
 13121 | D:9      | Reached skill level 5 in Hexes
 13261 | D:9      | Reached skill level 1 in Air Magic
 13501 | D:9      | Offered knowledge of Sting by Vehumet.
 13537 | D:10     | Entered Level 10 of the Dungeon
 13564 | D:9      | Reached ** piety under Vehumet
 13725 | D:10     | Identified the Tome of Polytheism
 13733 | D:10     | Learned a level 4 spell: Summon Lightning Spire
 13973 | D:10     | Reached skill level 1 in Summonings
 14238 | D:10     | Noticed a two-headed ogre
 14257 | D:10     | Killed a two-headed ogre
 14257 | D:10     | Reached XP level 11. HP: 24/89 MP: 20/22
 14276 | D:9      | Reached skill level 10 in Fire Magic
 14625 | D:10     | Found a staircase to the Orcish Mines.
 14723 | D:11     | Noticed a green ugly thing
 14786 | D:10     | Offered knowledge of Static Discharge by Vehumet.
 15036 | D:10     | Reached skill level 8 in Spellcasting
 15070 | D:10     | Reached *** piety under Vehumet
 15466 | D:11     | Killed a green ugly thing
 15795 | D:11     | Found a staircase to the Lair.
 15904 | D:11     | Noticed a five-headed hydra
 15927 | D:11     | Killed a five-headed hydra
 16075 | Lair:1   | Entered Level 1 of the Lair of Beasts
 16230 | Lair:1   | Noticed a five-headed hydra
 16255 | Lair:1   | Killed a five-headed hydra
 17008 | Lair:1   | Reached skill level 5 in Air Magic
 17050 | Lair:1   | Reached skill level 9 in Spellcasting
 17050 | Lair:1   | Reached skill level 5 in Summonings
 17326 | Lair:2   | Offered knowledge of Ignite Poison by Vehumet.
 17549 | Lair:2   | Found a runed translucent gate.
 17551 | Lair:2   | Noticed Bura's ghost (journeyman HuAr)
 17553 | Lair:2   | Noticed a nine-headed hydra
 17715 | Lair:2   | Reached XP level 12. HP: 101/101 MP: 25/25
 17749 | Lair:2   | Found a blossoming altar of Fedhas.
 18166 | Lair:2   | Found a runed translucent gate.
 18166 | Lair:2   | Found a runed translucent gate.
 18237 | Lair:2   | Noticed a nine-headed hydra
 18388 | Lair:2   | Upgraded the game from 0.24-a0-415-g6d73c25c48 to
                  | 0.24-a0-416-g56ce5178b7
 18501 | Lair:3   | Noticed Fannar
 18512 | Lair:3   | Killed Fannar
 18677 | Lair:3   | Noticed a death yak
 18682 | Lair:3   | Noticed a death yak
 18682 | Lair:3   | Noticed a death yak
 18685 | Lair:3   | Killed a death yak
 18842 | Lair:3   | Noticed Snorg
 18863 | Lair:3   | Noticed Urug
 18865 | Lair:3   | Killed Snorg
 18865 | Lair:3   | Reached **** piety under Vehumet
 18872 | Lair:2   | Killed a death yak
 19050 | Lair:3   | Killed a death yak
 19222 | Lair:3   | Killed Urug
 19406 | Lair:3   | Noticed Prince Ribbit
 19406 | Lair:3   | Offered knowledge of Airstrike by Vehumet.
 19409 | Lair:3   | Killed Prince Ribbit
 19533 | Lair:3   | Learned a level 4 spell: Airstrike
 19552 | Lair:3   | Found a staircase to the Shoals.
 20345 | Lair:4   | Reached skill level 10 in Spellcasting
 20582 | Lair:4   | Reached skill level 5 in Dodging
 21997 | Lair:4   | Found a hole to the Spider Nest.
 22144 | Lair:5   | Learned a level 3 spell: Regeneration
 22917 | Lair:6   | Entered Level 6 of the Lair of Beasts
 22929 | Lair:5   | Reached XP level 13. HP: 106/111 MP: 27/27
 22986 | Lair:6   | Found a staircase to the Slime Pits.
 23149 | Lair:6   | Reached skill level 1 in Charms
 23373 | Lair:6   | Reached skill level 1 in Translocations
 23373 | Lair:6   | Reached skill level 1 in Necromancy
 23402 | Lair:6   | Learned a level 1 spell: Summon Butterflies
 23408 | Lair:6   | Learned a level 5 spell: Summon Mana Viper
 24251 | Lair:6   | Paralysed by a hornet for 2 turns
 24253 | Lair:6   | Reached ***** piety under Vehumet
 24253 | Lair:6   | Offered knowledge of Iskenderun's Battlesphere by Vehumet.
 26098 | D:12     | Reached skill level 11 in Spellcasting
 26433 | D:12     | Found an iron altar of Okawaru.
 27122 | D:12     | Found Lunimagi's Gadget Shoppe.
 27137 | D:12     | Reached skill level 10 in Fighting
 28817 | D:13     | Reached XP level 14. HP: 121/121 MP: 29/29
 29271 | D:13     | Found a gate to the Vaults.
 30175 | D:14     | Offered knowledge of Olgreb's Toxic Radiance by Vehumet.
 30632 | D:14     | Reached skill level 5 in Charms
 31702 | D:15     | Entered Level 15 of the Dungeon
 31753 | D:13     | Reached skill level 5 in Translocations
 31964 | D:15     | Reached skill level 5 in Necromancy
 32752 | D:15     | Noticed Louise
 32786 | D:15     | Killed Louise
 32786 | D:15     | Reached skill level 12 in Spellcasting
 33126 | D:14     | Reached skill level 10 in Dodging
 33324 | D:14     | Offered knowledge of Bolt of Fire by Vehumet.
 33577 | D:15     | Found a staircase to the Depths.
 33619 | D:15     | Found a hazy altar of Hepliaklqana.
 33621 | D:15     | Noticed Azrael
 33634 | D:15     | Killed Azrael
 34920 | D:5      | Bought a Young Poisoner's Handbook for 480 gold pieces
 35079 | Lair:2   | Learned a level 6 spell: Bolt of Fire
 35142 | Spider:1 | Entered Level 1 of the Spider Nest
 35483 | Spider:1 | Noticed an emperor scorpion
 35490 | Lair:4   | HP: 5/124 [poisoned by a redback]
 35490 | Lair:4   | Mangled by a redback

Levels and vault maps discovered:
D:1:      dpeg_arrival_rhombi, layout_basic
D:2:      cheibrodos_helix_gallery, layout_basic, cheibriados_altar_1
D:3:      layout_rooms, minmay_door_square, doesnt_xom_only_xom, uniq_robin
D:4:      layout_basic
D:5:      layout_rooms, serial_shops, shop, first_ration, hex_intersection,
          uniq_edmund
D:6:      layout_basic
D:7:      layout_loops_ring, grunt_temple_overflow_gold_and_silver,
          temple_fountains, hellmonk_ghost_happy_afterlife, uniq_harold
D:8:      layout_rooms, grunt_temple_overflow_cloverleaf, basic_altar,
          kennysheep_pointless_box, uniq_maurice
D:9:      minmay_imperfect_grid, layout_stronghold, hangedman_pestilent_swarm,
          minmay_fractal_squares_gapless_5
D:10:     layout_roguey, orc_0_dummy, minmay_misc_feat_tiny
D:11:     layout_rooms, erik_lair_orcish_takeover
D:12:     layout_small_grid, serial_shops, shop, okawaru_ov_weapons_minmay
D:13:     layout_loops_corners, grunt_vaults_entry_tiered
D:14:     layout_cross
D:15:     gammafunk_depths_entry_grave, layout_long_grid, lemuel_altar_in_water,
          uniq_louise, uniq_azrael
Temple:   eino_wide_crystal_templ
Lair:1:   layout_cave_shapes, chequers_serial_rivers_marsh, beast_lair_carwin_3
Lair:2:   layout_chaotic_city, gammafunk_ghost_hydra_chop, ldierk_geyser,
          bh_autumn_forest_stairs, tgw_fedhas, lemuel_fruit_tree
Lair:3:   layout_cave_pods, minmay_shoals_entry_lonely_mermaid,
          grunt_megastairs_4, uniq_snorg, uniq_prince_ribbit2, uniq_urug,
          uniq_fannar
Lair:4:   layout_regular_city, spider_nest_entry_web_field, beast_lair_carwin_6
Lair:5:   layout_long_grid
Lair:6:   minmay_lair_end_enchanted_forest, layout_misc_corridors,
          minmay_slime_entry_oklob_open
Spider:1: layout_spider_delve, uniq_rupert

Skill      XL: |  1  2  3  4  5  6  7  8  9 10 11 12 13 14 |
---------------+-------------------------------------------+-----
Conjurations   | 2 3 4 5 6 7 9 |  9.3
Fire Magic     | 4 5 7 8 9 10 | 10.2
Shields        | 1 2 4 |  4.0
Spellcasting   | 3 4 5 6 7 9 10 11 12 | 12.3
Fighting       | 2 4 5 7 9 10 11 | 11.4
Hexes          | 2 4 5 |  5.6
Air Magic      | 2 6 8 |  8.0
Summonings     | 1 5 |  5.5
Dodging        | 6 8 10 | 10.0
Charms         | 4 5 |  5.0
Translocations | 4 5 |  5.0
Necromancy     | 4 5 |  5.0
Stealth        | |  1.7

Action                   |  1- 3 |  4- 6 |  7- 9 | 10-12 | 13-15 || total
-------------------------+-------+-------+-------+-------+-------++-------
Melee: Unarmed           |     9 |       |       |       |       ||     9
       Whip              |    86 |    25 |       |       |       ||   111
       Tailslap          |     4 |     2 |    10 |    15 |     1 ||    32
       Mace              |       |     7 |    77 |    90 |    15 ||   189
       Staff             |       |       |    56 |    69 |       ||   125
 Fire: Hunting sling     |    23 |   149 |   160 |    17 |       ||   349
Throw: Stone             |     8 |       |       |     2 |       ||    10
       Boomerang         |       |       |    32 |       |       ||    32
       Dart              |       |       |       |    87 |       ||    87
 Cast: Flame Tongue      |    40 |   137 |   122 |    69 |    24 ||   392
       Conjure Flame     |       |     1 |    16 |    11 |     1 ||    29
       Sticky Flame      |       |       |    21 |   124 |   116 ||   261
       Confusing Touch   |       |       |    11 |     8 |       ||    19
       Shock             |       |       |       |   333 |   319 ||   652
       Fireball          |       |       |       |    34 |    57 ||    91
       Airstrike         |       |       |       |    29 |   186 ||   215
       Summon Lightning  |       |       |       |    26 |   106 ||   132
       Apportation       |       |       |       |     1 |       ||     1
       Regeneration      |       |       |       |       |     1 ||     1
 Abil: Breathe Dispellin |       |       |     2 |     3 |     2 ||     7
  Use: Scroll            |       |    11 |     6 |    16 |     5 ||    38
 Stab: Sleeping          |     2 |       |       |       |       ||     2
       Confused          |       |       |     9 |     7 |       ||    16
       Distracted        |       |       |     1 |       |     1 ||     2
  Eat: Chunk             |     4 |    11 |    10 |    42 |    30 ||    97
       Ration            |       |     1 |     3 |     8 |     8 ||    20
Armor: Skin              |    53 |    73 |   102 |   160 |   106 ||   494
Dodge: Dodged            |    89 |   125 |   102 |   304 |   308 ||   928
Block: Buckler           |       |    27 |    40 |   129 |    98 ||   294

Table legend:
 A = Non-vault XP
 B = Vault XP
 C = Vault XP percentage of total XP
 D = Non-vault monster count
 E = Vault monster count
 F = Vault count percentage of total count
                 A         B        C        D         E       F
            +---------+---------+-------+---------+---------+-------
      Total |   67594 |   34483 |  33.8 |     481 |     164 |  25.4
            +---------+---------+-------+---------+---------+-------
        D:1 |      69 |       0 |   0.0 |      36 |       0 |   0.0
        D:2 |     131 |      23 |  14.9 |      37 |       6 |  14.0
        D:3 |     101 |      26 |  20.5 |      21 |       7 |  25.0
        D:4 |     336 |       0 |   0.0 |      12 |       0 |   0.0
        D:5 |     718 |     158 |  18.0 |      20 |       1 |   4.8
        D:6 |     823 |       0 |   0.0 |      13 |       0 |   0.0
        D:7 |     416 |    1651 |  79.9 |       6 |       2 |  25.0
        D:8 |     410 |     969 |  70.3 |       9 |       5 |  35.7
        D:9 |    1833 |    2082 |  53.2 |      24 |      24 |  50.0
       D:10 |    3963 |     550 |  12.2 |      39 |       7 |  15.2
       D:11 |    2452 |     451 |  15.5 |      27 |       2 |   6.9
       D:12 |    4904 |       0 |   0.0 |      39 |       0 |   0.0
       D:13 |    6366 |    5378 |  45.8 |      31 |      25 |  44.6
       D:14 |    9828 |     739 |   7.0 |      35 |       2 |   5.4
       D:15 |   15529 |    5020 |  24.4 |      38 |      11 |  22.4
     Lair:1 |    2476 |     704 |  22.1 |       9 |       3 |  25.0
     Lair:2 |    3414 |     782 |  18.6 |      19 |       1 |   5.0
     Lair:3 |    1028 |    5748 |  84.8 |       5 |      14 |  73.7
     Lair:4 |    5871 |    1565 |  21.0 |      31 |       7 |  18.4
     Lair:5 |     309 |       0 |   0.0 |       2 |       0 |   0.0
     Lair:6 |    6021 |    8637 |  58.9 |      25 |      47 |  65.3
   Spider:1 |     596 |       0 |   0.0 |       3 |       0 |   0.0
            +---------+---------+-------+---------+---------+-------
